 Dungeon Crawl Stone Soup version 0.22-a0-422-g9628fc8 (webtiles) character file.

151848 Ijustatesigmund the Warrior (level 17, -5/187 HPs)
             Began as an Ogre Artificer on May 18, 2018.
             Was a High Priest of the Shining One.
             Killed from afar by Bai Suzhen (27 damage)
             ... with a torrent of water
             ... on level 3 of the Spider Nest.
             The game lasted 01:33:58 (31198 turns).

Ijustatesigmund the Warrior (Ogre Artificer)       Turns: 31198, Time: 01:33:58

Health: -5/187     AC: 17    Str: 25    XL:     17   Next: 56%
Magic:  0/26       EV: 13    Int: 12    God:    the Shining One [*****.]
Gold:   1723       SH:  0    Dex: 14    Spells: 3/16 levels left

rFire    + . .     SeeInvis .   U - +9 giant spiked club
rCold    + . .     Gourm    .   (shield currently unavailable)
rNeg     + + .     Faith    .   z - +4 troll leather armour
rPois    +         Spirit   +   M - +2 hat
rElec    +         Reflect  .   E - +2 cloak
rCorr    +         Harm     .   (gloves unavailable)
MR       +....                  (boots unavailable)
Stlth    +.........             v - amulet of guardian spirit
HPRegen  0.81/turn              r - ring of poison resistance
MPRegen  0.20/turn              B - +5 ring of strength

@: resistant, glowing
A: large, unfitting armour, claws 1, molten scales 1, tough skin 1
a: Divine Shield, Cleansing Flame, Summon Divine Warrior, Renounce Religion


You were on level 3 of the Spider Nest.
You worshipped the Shining One.
The Shining One was extremely pleased with you.
You were not hungry.

You visited 5 branches of the dungeon, and saw 27 of its levels.
You also visited: Labyrinth, Ossuary and Bailey.

You collected 2473 gold pieces.
You spent 750 gold pieces at shops.

Inventory:

Hand Weapons
 U - a +9 giant spiked club (weapon)
Missiles
 D - 19 silver javelins
 J - 4 poisoned javelins
 K - 14 large rocks (quivered)
Armour
 z - a +4 troll leather armour (worn)
 E - a +2 cloak (worn)
 M - a +2 hat (worn)
Jewellery
 a - an uncursed ring of fire
 l - the ring "Voeczeiruug" {-Tele rElec rC+ AC+5}
   (You took it off an orc warrior on level 7 of the Dungeon)

   [ring of protection]

   It affects your AC (+5).
   It protects you from cold.
   It insulates you from electricity.
   It prevents most forms of teleportation.
 n - an uncursed ring of magical power
 p - an uncursed ring of fire
 r - a ring of poison resistance (left claw)
 v - an amulet of guardian spirit (around neck)
 B - a +5 ring of strength (right claw)
 N - an uncursed ring of positive energy
 P - an uncursed ring of see invisible
 R - an uncursed amulet of rage
 S - an uncursed ring of flight
 V - a +6 ring of intelligence
Wands
 b - a wand of paralysis (21)
 c - a wand of flame (109)
 d - a wand of disintegration (4)
 e - a wand of polymorph (15)
 m - a wand of acid (5)
 I - a wand of iceblast (27)
 L - a wand of digging (1)
Scrolls
 h - a scroll of holy word
 q - 10 scrolls of amnesia
 u - 10 scrolls of remove curse
 y - 2 scrolls of fog
 A - a scroll of fear
 F - a scroll of blinking
 G - 19 scrolls of identify
 H - 5 scrolls of teleportation
 O - 2 scrolls of summoning
Potions
 g - 9 potions of brilliance
 i - 5 potions of flight
 j - 2 potions of might
 k - 3 potions of lignification
 o - 6 potions of magic
 s - 2 potions of agility
 t - 5 potions of curing
 w - 2 potions of cancellation
 x - 6 potions of heal wounds
 C - 3 potions of haste
 T - 8 potions of mutation
Comestibles
 f - 25 rations


   Skills:
 - Level 16.0 Fighting
   Level 0.8 Short Blades
 + Level 14.9 Maces & Flails
 + Level 4.8 Throwing
 - Level 5.8 Armour
 - Level 6.4 Dodging
 - Level 0.6 Stealth
 - Level 4.4 Conjurations
 - Level 8.1 Hexes
 - Level 4.6 Summonings
 - Level 7.2 Translocations
 - Level 4.4 Fire Magic
 - Level 12.7 Invocations
 - Level 2.4 Evocations


You had 3 spell levels left.
You knew the following spells:

 Your Spells              Type           Power        Failure   Level  Hunger
a - Apportation           Tloc           ###...       1%          1    ##.....
b - Blink                 Tloc           N/A          3%          2    ###....
c - Portal Projectile     Hex/Tloc       ###...       4%          3    ####...
d - Summon Butterflies    Summ           ##......     5%          1    ##.....
e - Lesser Beckoning      Tloc           ###.......   6%          3    ####...
f - Conjure Flame         Conj/Fire      ##......     19%         3    ####...

Your spell library contained the following spells:

 Spells                   Type           Power        Failure   Level  Hunger
 Magic Dart               Conj           ##..         6%          1    ##.....
 Slow                     Hex            ###.....     1%          2    ###....
 Confuse                  Hex            ###.....     4%          3    ####...
 Invisibility             Hex            ###.....     90%         6    #######
 Controlled Blink         Tloc           N/A          100%        8    #######
 Mephitic Cloud           Conj/Pois/Air  #.......     52%         3    ####...
 Teleport Other           Tloc           ###.....     6%          3    ####...
 Summon Small Mammal      Summ           ##..         5%          1    ##.....
 Animate Dead             Necr           N/A          98%         4    #####..
 Pain                     Necr           #...         36%         1    ##.....
 Animate Skeleton         Necr           N/A          36%         1    ##.....
 Vampiric Draining        Necr           #.........   73%         3    ####...
 Call Imp                 Summ           ##......     9%          2    ###....
 Regeneration             Chrm/Necr      #.........   73%         3    ####...
 Tukima's Dance           Hex            ###.....     4%          3    ####...
 Stone Arrow              Conj/Erth      #.....       41%         3    ####...
 Spider Form              Tmut/Pois      #.........   73%         3    ####...
 Blade Hands              Tmut           #.........   100%        5    ######.
 Ice Form                 Ice/Tmut       #.......     98%         4    #####..
 Deflect Missiles         Chrm/Air       #.........   100%        6    #######
 Confusing Touch          Hex            ###...       1%          1    ##.....
 Passwall                 Tmut/Erth      #.........   50%         2    ###....
 Sticks to Snakes         Tmut           #.......     50%         2    ###....
 Metabolic Englaciation   Hex/Ice        #.........   89%         5    ######.
 Dispersal                Tloc           ###.......   96%         6    #######
 Alistair's Intoxication  Tmut/Pois      #.......     100%        5    ######.
 Lee's Rapid Deconstruct  Erth           #.........   100%        5    ######.
 Sandblast                Erth           #.....       36%         1    ##.....
 Petrify                  Tmut/Erth      #.......     98%         4    #####..
 Passage of Golubria      Tloc           N/A          19%         4    #####..
 Shroud of Golubria       Chrm/Tloc      #.........   13%         2    ###....
 Beastly Appendage        Tmut           #.....       36%         1    ##.....
 Disjunction              Tloc           ###.......   100%        8    #######
 Force Lance              Conj/Tloc      ##......     32%         4    #####..
 Gell's Gravitas          Tloc           ###.......   6%          3    ####...
 Yara's Violent Unravell  Hex/Tmut       #.........   89%         5    ######.


Dungeon Overview and Level Annotations

Branches:
Dungeon (15/15)            Temple (1/1) D:4            Lair (6/6) D:9
 Shoals (0/4) Lair:3       Spider (3/4) Lair:3        Slime (0/5) Lair:6
    Orc (2/2) D:10            Elf (0/3) Orc:2        Vaults (0/5) D:13
 Depths: D:15

Altars:
Ashenzari
Cheibriados
Dithmenos
Elyvilon
Fedhas
Gozag
Hepliaklqana
Kikubaaqudgha
Makhleb
Nemelex Xobeh
Okawaru
Qazlal
Ru
Sif Muna
Trog
Uskayaw
Vehumet
Wu Jian
Xom
Yredelemnul
Zin
The Shining One

Shops:
D:6 :   D:12 *   D:15 :   Orc:1 :   Orc:2 (:!%

Portals:
Hell: Lair:6
Pandemonium: Orc:2

Annotations:
D:4 psellion's ghost, amateur DsGl
D:14 2 runed doors
Lair:2 exclusion: 3 oklob plants
Spider:3 Bai Suzhen


Innate Abilities, Weirdness & Mutations

You are too large for most types of armour.
You have tough skin. (AC +1)
You have sharp fingernails.
You are partially covered in molten scales. (AC +2)


Message History

You are standing in a thunderstorm.
You are struck by lightning!
You resist.
* * * LOW HITPOINT WARNING * * *
Bai Suzhen bites you but does no damage.
Bai Suzhen claws you but does no damage.
Bai Suzhen tramples you!
* * * LOW HITPOINT WARNING * * *
You hold your ground!
The eight-headed hydra bites you but does no damage. x4
The eight-headed hydra bites you.
* * * LOW HITPOINT WARNING * * *
The eight-headed hydra bites you.
* * * LOW HITPOINT WARNING * * *
The eight-headed hydra bites you but does no damage. x2
Okay, then.
Casting: Lesser Beckoning (safe; 6% risk of failure)
Confirm with . or Enter, or press ? or * to list all spells.
You blink.
Bai Suzhen breathes water at you. The torrent of water hits you!
You die...

#### ###..####
##.......#####
##............#
#.............#
...........#..####
.......#...##....## .
..^....#####....@.#(.
.#...#††###......(....#
###.##...###≈≈D§....^##
#####.(..##§D§....##
#......#§§§....#
#.....^####...##
##....###.#####
##...##....#.##
#...^#.......#


You could see Bai Suzhen and an eight-headed hydra.

Vanquished Creatures
  Gastronok (D:12)
  An emperor scorpion (Spider:3)
  The ghost of Serpenta the Covert, a journeyman HaCK of Xom (Lair:4)
  3 entropy weavers
  The ghost of aspa the Sorcerer, a journeyman OpWz of Sif Muna (D:15)
  A minotaur (Lab)
  2 spark wasps (Spider:3)
  Josephine (Lair:6)
  8 vault guards (D:13)
  13 hydras
  The ghost of PegasusDuck the Severer, a journeyman TeWn of Elyvilon (Lair:3)
  Harold (D:12)
  5 two-headed ogres
  8 death yaks
  5 orc high priests (Orc:2)
  A queen ant (Spider:2)
  2 tengu warriors (D:15)
  A deep elf knight (D:14)
  A slime creature (D:14)
  A sun demon (Orc:2)
  Nergalle (D:12)
  2 sixfirhies
  2 infernal demonspawn (Orc:2)
  A wizard (Lair:6)
  An unseen horror (D:14)
  5 orc knights
  A lindwurm (Lair:4)
  A deep elf mage (D:13)
  3 orb spiders
  12 ugly things
  7 orc sorcerers
  3 manticores
  14 wolf spiders
  5 cyclopes
  A rust devil (Orc:2)
  2 black mambas
  Maurice (D:9)
  2 torpor snails
  A smoke demon (Lair:6)
  8 spiny frogs
  3 rime drakes
  A gargoyle (D:11)
  2 orange demons (Lair:6)
  4 demonic crawlers
  2 efreet (D:14)
  4 ice devils (Lair:6)
  A hellwing (Orc:2)
  3 komodo dragons
  A tengu conjurer (D:13)
  A minotaur skeleton (Lab)
  6 trolls
  8 jumping spiders
  4 hornets
  A queen bee (D:9)
  2 polar bears
  13 blink frogs
  15 hippogriffs
  A shadow (D:14)
  A vampire (D:12)
  11 tarantellas
  15 redbacks
  7 wraiths
  3 wyverns
  6 basilisks
  44 yaks
  2 hungry ghosts
  A chaos spawn (Orc:2)
  Menkaure (D:7)
  A warg (Orc:1)
  4 hell hounds (Lair:6)
  21 soldier ants
  2 acid dragons (D:13)
  14 water moccasins
  7 porcupines
  27 orc warriors
  4 sky beasts
  An eye of draining (D:13)
  An ice beast (D:6)
  5 phantoms
  3 black bears
  13 ogres
  A necrophage (D:10)
  10 crocodiles
  8 centaurs
  3 big kobolds
  The ghost of Anon1729 the Sneak, an amateur OpFE (D:3)
  13 bullfrogs
  26 orc priests
  A wyvern skeleton (D:8)
  4 scorpions
  29 killer bees
  2 vampire bats (Lair:5)
  3 howler monkeys
  An electric eel (Lair:2)
  5 crimson imps
  2 bullfrog zombies
  A quasit (D:9)
  14 jellies
  6 bullfrog skeletons
  5 centaur skeletons
  5 hounds
  11 iguanas
  A gnoll shaman (Orc:1)
  17 orc wizards
  28 worker ants
  2 hound zombies (Ossuary)
  4 mummies (Ossuary)
  5 worker ant zombies
  21 gnolls
  14 adders
  3 shadow imps
  2 oozes
  3 adder zombies
  An adder skeleton (D:5)
  2 worms (D:2)
  A dart slug (D:1)
  4 leopard geckos
  51 orcs
  13 bats
  4 giant cockroaches
  A gnoll zombie (Ossuary)
  5 goblins
  16 hobgoblins
  6 jackals
  22 kobolds
  5 quokkas
  A ball python (D:3)
  3 frilled lizards
  A goblin zombie (Ossuary)
  2 hobgoblin zombies (Ossuary)
  A leopard gecko skeleton (D:7)
  A leopard gecko zombie (D:8)
  An orc zombie (Ossuary)
  A quokka skeleton (D:5)
  5 rats
  2 rat zombies (Ossuary)
797 creatures vanquished.

Vanquished Creatures (collateral kills)
  A hound (D:5)
  4 orc wizards
  An adder zombie (D:6)
  2 rats (D:1)
8 creatures vanquished.

Vanquished Creatures (others)
  A yak (D:11)
  A human (D:5)
  A hound (D:5)
  A worker ant (D:4)
  A leopard gecko (D:1)
  A kobold zombie (Ossuary)
  A rat (D:2)
  A bush (Lair:4)
  8 fungi
  8 plants
24 creatures vanquished.

Grand Total: 829 creatures vanquished

Notes
Turn   | Place    | Note
-------+----------+-------------------------------------------
     0 | D:1      | Ijustatesigmund the Ogre Artificer began the quest for the Orb.
     0 | D:1      | Reached XP level 1. HP: 19/19 MP: 2/2
    65 | D:1      | Reached skill level 2 in Fighting
   374 | D:1      | Reached XP level 2. HP: 27/28 MP: 3/3
   757 | D:2      | Reached skill level 1 in Throwing
   885 | D:2      | Reached skill level 1 in Maces & Flails
   885 | D:2      | Reached XP level 3. HP: 33/36 MP: 4/4
   944 | D:2      | Reached skill level 3 in Fighting
  1484 | D:2      | Reached XP level 4. HP: 45/45 MP: 5/5
  2357 | D:3      | Noticed Anon1729's ghost (amateur OpFE)
  2383 | D:3      | Killed Anon1729's ghost
  2383 | D:3      | Reached skill level 4 in Fighting
  2383 | D:3      | Reached XP level 5. HP: 38/55 MP: 6/6
  2809 | D:4      | Found a staircase to the Ecumenical Temple.
  2825 | Temple   | Entered the Ecumenical Temple
  3132 | D:4      | Reached XP level 6. HP: 58/63 MP: 7/7
  3550 | D:4      | Noticed psellion's ghost (amateur DsGl)
  3574 | D:4      | Found a snail-covered altar of Cheibriados.
  4041 | D:5      | Entered Level 5 of the Dungeon
  4268 | D:5      | Found an ancient bone altar of Kikubaaqudgha.
  4271 | D:5      | Noticed a human
  4272 | D:5      | Killed a human
  4315 | D:5      | Reached XP level 7. HP: 65/71 MP: 8/8
  4327 | D:5      | Reached skill level 5 in Maces & Flails
  4490 | D:4      | Found an opulent altar of Gozag.
  4613 | D:5      | HP: 2/71 [worker ant (6)]
  5494 | D:5      | Reached XP level 8. HP: 64/79 MP: 9/9
  6317 | D:6      | Found a glowing golden altar of the Shining One.
  6685 | D:6      | Found Aratinn's Book Boutique.
  6766 | D:6      | Found a radiant altar of Vehumet.
  6767 | D:6      | Found a sparkling altar of Nemelex Xobeh.
  6989 | D:7      | Found a sand-covered staircase.
  7002 | D:7      | Reached skill level 5 in Fighting
  7007 | Ossuary  | Entered an ossuary
  7429 | D:7      | Noticed Menkaure
  7436 | D:7      | Killed Menkaure
  7765 | D:7      | Found a hazy altar of Hepliaklqana.
  7767 | D:7      | Found a shimmering altar of Xom.
  7767 | D:7      | Found an ornate altar of the Wu Jian Council.
  7767 | D:7      | Found a shattered altar of Ashenzari.
  7804 | D:7      | Reached skill level 6 in Fighting
  7804 | D:7      | Reached XP level 9. HP: 50/89 MP: 10/10
  8762 | D:7      | Reached skill level 7 in Fighting
  9409 | D:7      | Noticed a purple ugly thing
  9415 | D:7      | Noticed a troll
  9639 | D:6      | Became a worshipper of the Shining One
  9772 | D:7      | Killed a purple ugly thing
  9865 | D:7      | Killed a troll
 10125 | D:7      | Reached skill level 1 in Armour
 10125 | D:7      | Reached XP level 10. HP: 98/102 MP: 13/13
 10144 | D:7      | Got a pitted bronze ring
 10156 | D:7      | Identified the ring "Voeczeiruug" {-Tele rElec rC+ AC+5} (You took it off an orc warrior on level 7 of the Dungeon)
 10172 | D:7      | Got an uncursed scorched broad axe {flame}
 10173 | D:7      | Identified the +6 broad axe "Seniu" {flame, SInv} (You took it off a centaur on level 7 of the Dungeon)
 10563 | D:8      | Reached skill level 5 in Invocations
 10690 | D:8      | Reached * piety under the Shining One
 11089 | D:9      | Noticed Maurice
 11097 | D:9      | Killed Maurice
 11097 | D:9      | Reached skill level 10 in Maces & Flails
 11319 | D:9      | Found a staircase to the Lair.
 11938 | D:9      | Noticed a two-headed ogre
 11943 | D:9      | Killed a two-headed ogre
 11943 | D:9      | Reached skill level 8 in Fighting
 11943 | D:9      | Reached XP level 11. HP: 94/113 MP: 16/16
 12028 | D:10     | Entered Level 10 of the Dungeon
 12269 | D:10     | Reached ** piety under the Shining One
 12301 | D:10     | Reached skill level 9 in Fighting
 12353 | D:10     | Found a staircase to the Orcish Mines.
 13141 | D:11     | Reached skill level 10 in Fighting
 13458 | D:11     | Noticed a six-headed hydra
 13461 | D:11     | Killed a six-headed hydra
 13461 | D:11     | Reached skill level 11 in Fighting
 14134 | D:12     | Noticed Harold
 14134 | D:12     | Reached *** piety under the Shining One
 14148 | D:12     | Killed Harold
 14263 | D:12     | Found Onaiguoh's Blood Bar.
 14272 | D:12     | Reached XP level 12. HP: 122/130 MP: 17/17
 14546 | D:12     | Noticed Nergalle
 14553 | D:12     | Killed Nergalle
 14553 | D:12     | Reached skill level 12 in Fighting
 14617 | D:12     | Noticed a two-headed ogre
 14621 | D:12     | Killed a two-headed ogre
 14688 | D:12     | Noticed a two-headed ogre
 14692 | D:12     | Killed a two-headed ogre
 14706 | D:12     | Noticed Gastronok
 14716 | D:12     | Killed Gastronok
 14716 | D:12     | Reached skill level 13 in Fighting
 15243 | Lair:1   | Entered Level 1 of the Lair of Beasts
 15409 | Lair:1   | Found an ornate altar of the Wu Jian Council.
 15577 | Lair:1   | Noticed a seven-headed hydra
 15582 | Lair:1   | Killed a seven-headed hydra
 15721 | Lair:1   | Learned a level 1 spell: Apportation
 15724 | Lair:1   | Learned a level 2 spell: Blink
 15884 | Lair:1   | Reached skill level 1 in Translocations
 16102 | Lair:2   | Noticed a six-headed hydra
 16110 | Lair:2   | Killed a six-headed hydra
 16110 | Lair:2   | Reached XP level 13. HP: 81/145 MP: 18/18
 16260 | Lair:2   | Reached skill level 5 in Translocations
 16392 | Lair:2   | Identified the Almanac of Moulding and Enhancements
 16901 | Lair:2   | Reached **** piety under the Shining One
 17219 | Lair:3   | Noticed PegasusDuck's ghost (journeyman TeWn)
 17226 | Lair:3   | Killed PegasusDuck's ghost
 17253 | Lair:3   | Found a hole to the Spider Nest.
 17294 | Lair:3   | Gained mutation: You are partially covered in molten scales. (AC +2) [potion of mutation]
 17294 | Lair:3   | Gained mutation: You have sharp fingernails. [potion of mutation]
 17362 | Lair:3   | Found a staircase to the Shoals.
 17402 | Lair:3   | Reached skill level 14 in Fighting
 17805 | Lair:3   | Learned a level 3 spell: Portal Projectile
 18018 | Lair:4   | Reached skill level 1 in Hexes
 18159 | Lair:4   | Noticed Serpenta's ghost (journeyman HaCK)
 18933 | Lair:4   | Killed Serpenta's ghost
 18933 | Lair:4   | Reached skill level 15 in Fighting
 18933 | Lair:4   | Reached XP level 14. HP: 159/159 MP: 20/20
 19586 | Lair:5   | Found a labyrinth entrance.
 19595 | Lab      | Entered a labyrinth
 20863 | Lair:5   | Reached skill level 5 in Hexes
 21056 | Lair:6   | Entered Level 6 of the Lair of Beasts
 21864 | Lair:6   | Found a staircase to the Slime Pits.
 22038 | Lair:6   | Reached skill level 10 in Invocations
 22550 | Lair:6   | Noticed Josephine
 22554 | Lair:6   | Reached ***** piety under the Shining One
 22562 | Lair:6   | Killed Josephine
 22690 | Lair:6   | Found a burning altar of Makhleb.
 22696 | Lair:6   | Found a gateway to Hell.
 22918 | Orc:1    | Entered Level 1 of the Orcish Mines
 23364 | Orc:1    | Found Riec Bofia's Book Boutique.
 23400 | Orc:2    | Entered Level 2 of the Orcish Mines
 23750 | Orc:2    | Found a staircase to the Elven Halls.
 23904 | Orc:2    | Found Ocsok's Food Shop.
 23913 | Orc:2    | Reached XP level 15. HP: 135/167 MP: 15/23
 23922 | Orc:2    | Found Azoarrid's Distillery.
 24581 | Orc:2    | Found a burning altar of Makhleb.
 24987 | Orc:2    | Found Orchurph's Book Emporium.
 24987 | Orc:2    | Found a one-way gate leading to the halls of Pandemonium.
 24987 | Orc:2    | Found Ivaonugo's Antique Weapon Shoppe.
 24993 | Orc:2    | Bought a book of Party Tricks for 750 gold pieces
 24995 | Orc:2    | Learned a level 1 spell: Summon Butterflies
 25267 | D:13     | Reached skill level 1 in Summonings
 25315 | D:13     | Found a gate to the Vaults.
 25875 | D:13     | You fall through a shaft for 2 floors!
 25875 | D:15     | Entered Level 15 of the Dungeon
 25986 | D:15     | Found Mieset's Book Shop.
 25990 | D:15     | Noticed aspa's ghost (journeyman OpWz)
 26001 | D:15     | Killed aspa's ghost
 26177 | D:14     | Found a flagged portal.
 26249 | Bailey   | Entered a bailey
 26440 | Bailey   | Reached skill level 5 in Dodging
 26440 | Bailey   | Reached XP level 16. HP: 161/176 MP: 25/25
 26681 | D:13     | Reached skill level 5 in Armour
 26913 | D:14     | Found a large runed door.
 26914 | D:14     | Found a large runed door.
 27189 | D:14     | Found a shimmering altar of Xom.
 27189 | D:14     | Found a shimmering altar of Xom.
 27289 | D:14     | Reached XP level 17. HP: 172/184 MP: 26/26
 27305 | D:14     | Learned a level 3 spell: Lesser Beckoning
 27309 | D:14     | Learned a level 3 spell: Conjure Flame
 27823 | Spider:1 | Entered Level 1 of the Spider Nest
 27874 | Spider:1 | Reached skill level 1 in Fire Magic
 27875 | Spider:1 | Reached skill level 1 in Conjurations
 30725 | Spider:3 | Paralysed by a hornet for 3 turns
 31027 | Spider:3 | Reached skill level 16 in Fighting
 31186 | Spider:3 | Noticed Bai Suzhen
 31198 | Spider:3 | Killed from afar by Bai Suzhen

Vault maps used:
D:1:      scummos_arrival_simple_crosswalls, hangedman_glass_teeth, st_stairs_5
D:2:      first_ration
D:4:      overflow_temple_1_default, minmay_temple_entry_mist,
          grunt_gozag_statues
D:5:      tgw_kikubaaqudgha
D:6:      tso_metal_star, gammafunk_temple_overflow_statue, serial_shops,
          nicolae_shop_competitors_out_of_business
D:7:      minmay_the_grid_octo_tiled_squarecenter,
          nicolae_ossuary_entry_false_entrances, uniq_menkaure
D:9:      lair_entry_dummy, david_nohive_1, uniq_maurice
D:10:     david_orc_2
D:11:     interstate_on_off
D:12:     guppyfry_shop_blood, uniq_harold, uniq_gastronok, uniq_nergalle
D:13:     erik_vaults_2
D:14:     enter_bailey_8, xom_redecorated, jmf_multi_god_temple2
D:15:     gammafunk_enter_depths_forms, hex_tiny, serial_shops, shop_statue
Temple:   dpeg_five_rooms_temple
Lair:1:   beast_lair_carwin_large_2, basic_altar
Lair:2:   nicolae_lair_grove_arrangements, grunt_megastairs_3,
          minmay_lair_oklob_chamber, serial_bayou_shore_a
Lair:3:   shoals_dummy_entry, spider_nest_entry_webs, grunt_megastairs_1
Lair:4:   beast_lair_carwin_large_4, infiniplex_staircase_pool
Lair:5:   lab_entry_generic, small_statue_intersection, bh_autumn_forest_stairs,
          roderic_batcave, grunt_megastairs_5
Lair:6:   evil_forest, minmay_slime_entry_jelly_boxes, uniq_josephine
Spider:2: zaba_antful_of_joy
Spider:3: uniq_bai_suzhen, uniq_nikola
Orc:1:    serial_shops, shop
Orc:2:    pf_orc_diabolical, basic_altar
Lab:      labyrinth_spiral, nicolae_lab_plus
Ossuary:  ossuary_minmay_tomb_2a
Bailey:   bailey_axe_2, bailey

Skill      XL: |  1  2  3  4  5  6  7  8  9 10 11 12 13 14 15 16 17 |
---------------+----------------------------------------------------+-----
Fighting       | 2 3 4 6 7 8 11 13 15 16 | 16.0
Throwing       | 1 2 3 4 |  4.8
Maces & Flails | 1 2 4 6 8 9 10 12 13 14 | 14.9
Dodging        | 3 4 5 6 |  6.4
Invocations    | 4 6 8 10 12 | 12.7
Armour         | 1 4 5 |  5.8
Translocations | 3 7 |  7.2
Hexes          | 3 7 8 |  8.1
Summonings     | 4 |  4.6
Fire Magic     | 4 |  4.4
Conjurations   | 4 |  4.4
Short Blades   | |  0.8
Stealth        | |  0.6
Evocations     | |  2.4

Action                   |  1- 3 |  4- 6 |  7- 9 | 10-12 | 13-15 | 16-18 || total
-------------------------+-------+-------+-------+-------+-------+-------++-------
Melee: Short sword       |     9 |       |       |       |       |       ||     9
       Mace              |    78 |    87 |       |       |       |       ||   165
       Flail             |       |    94 |    56 |       |       |       ||   150
       Giant spiked club |       |       |   228 |   460 |   773 |   340 ||  1801
Throw: Large rock        |     3 |     4 |     6 |    10 |    34 |    13 ||    70
       Javelin           |       |       |       |     1 |     3 |       ||     4
 Cast: Apportation       |       |       |       |       |     3 |       ||     3
       Lesser Beckoning  |       |       |       |       |       |     6 ||     6
       Blink             |       |       |       |       |       |     4 ||     4
Invok: Divine Shield     |       |       |       |     1 |    16 |     4 ||    21
       Cleansing Flame   |       |       |       |       |     6 |     4 ||    10
Evoke: Wand              |     6 |    10 |    25 |    11 |    11 |     5 ||    68
  Use: Scroll            |     5 |     7 |    17 |     9 |    13 |     3 ||    54
       Potion            |       |     3 |     5 |     1 |    10 |     2 ||    21
  Eat: Chunk             |     2 |     6 |     2 |    12 |    26 |     4 ||    52
       Ration            |       |     1 |     5 |     3 |     3 |     4 ||    16
Armor: Robe              |    29 |    44 |    62 |       |       |       ||   135
       Troll leather arm |       |       |     8 |   240 |   400 |   217 ||   865
Dodge: Dodged            |    62 |   122 |   203 |   325 |   507 |   240 ||  1459
Block: Other             |       |       |       |     2 |   102 |    50 ||   154

Table legend:
 A = Spawn XP
 B = Non-spawn XP
 C = Spawn XP percentage of total XP
 D = Spawn monster count
 E = Non-spawn monster count
 F = Spawn count percentage of total count
 G = Total turns spent on level
                    A         B        C        D         E        F      G
               +---------+---------+-------+---------+---------+-------+---------
         Total |       0 |  166327 |   0.0 |       0 |     804 |   0.0 | 31198
               +---------+---------+-------+---------+---------+-------+---------
           D:1 |       0 |      19 |   0.0 |       0 |      11 |   0.0 |   738
           D:2 |       0 |      79 |   0.0 |       0 |      18 |   0.0 |  1047
           D:3 |       0 |     165 |   0.0 |       0 |      20 |   0.0 |   869
           D:4 |       0 |     257 |   0.0 |       0 |      12 |   0.0 |  1370
           D:5 |       0 |     696 |   0.0 |       0 |      16 |   0.0 |  1476
           D:6 |       0 |     622 |   0.0 |       0 |      12 |   0.0 |  1761
           D:7 |       0 |    3057 |   0.0 |       0 |      42 |   0.0 |  2441
           D:8 |       0 |    1539 |   0.0 |       0 |      24 |   0.0 |   738
           D:9 |       0 |    3496 |   0.0 |       0 |      35 |   0.0 |  1023
          D:10 |       0 |    2692 |   0.0 |       0 |      32 |   0.0 |  1171
          D:11 |       0 |    4006 |   0.0 |       0 |      30 |   0.0 |   995
          D:12 |       0 |    9069 |   0.0 |       0 |      32 |   0.0 |  1158
          D:13 |       0 |   12710 |   0.0 |       0 |      33 |   0.0 |   815
          D:14 |       0 |   14756 |   0.0 |       0 |      42 |   0.0 |  1142
          D:15 |       0 |    4329 |   0.0 |       0 |       6 |   0.0 |   227
        Lair:1 |       0 |    4728 |   0.0 |       0 |      19 |   0.0 |   858
        Lair:2 |       0 |    7354 |   0.0 |       0 |      25 |   0.0 |  1174
        Lair:3 |       0 |    3856 |   0.0 |       0 |      15 |   0.0 |   961
        Lair:4 |       0 |   13272 |   0.0 |       0 |      29 |   0.0 |  1570
        Lair:5 |       0 |    5740 |   0.0 |       0 |      28 |   0.0 |   898
        Lair:6 |       0 |   19530 |   0.0 |       0 |      66 |   0.0 |  1640
      Spider:1 |       0 |    7307 |   0.0 |       0 |      23 |   0.0 |  1151
      Spider:2 |       0 |   12326 |   0.0 |       0 |      45 |   0.0 |  1579
      Spider:3 |       0 |   12785 |   0.0 |       0 |      27 |   0.0 |   645
         Orc:1 |       0 |    2941 |   0.0 |       0 |      43 |   0.0 |   564
         Orc:2 |       0 |   16923 |   0.0 |       0 |      68 |   0.0 |  1667
           Lab |       0 |    1594 |   0.0 |       0 |       3 |   0.0 |   602
       Ossuary |       0 |     126 |   0.0 |       0 |      14 |   0.0 |   391
        Bailey |       0 |     353 |   0.0 |       0 |      34 |   0.0 |   290
               +---------+---------+-------+---------+---------+-------+---------
